 Dungeon Crawl Stone Soup version 0.27.1-34-g3ba077fa99 (webtiles) character file.

Game seed: 9934402850204724360

11 comborobin the Sneak (level 2, -6/27 HPs)
             Began as a Hill Orc Delver on Jan 6, 2022.
             Mangled by a gnoll (8 damage)
             ... on level 4 of the Dungeon.
             The game lasted 00:00:58 (564 turns).

comborobin the Sneak (Hill Orc Delver)               Turns: 564, Time: 00:00:59

Health: -6/27      AC: 10    Str: 14    XL:     2   Next: 29%
Magic:  2/2        EV:  3    Int: 10    God:
Gold:   25         SH:  0    Dex: 12    Spells: 1/1 levels left

rFire    . . .     SeeInvis .   a - +0 hand axe
rCold    + . .     Faith    .   (no shield)
rNeg     . . .     Spirit   .   h - +0 plate armour
rPois    .         Reflect  .   (no helmet)
rElec    .         Harm     .   (no cloak)
rCorr    .         Rampage  .   (no gloves)
Will     .....                  (no boots)
Stlth    ..........             (no amulet)
HPRegen  0.09/turn              d - ring of protection from cold
MPRegen  0.08/turn              (no ring)

@: no status effects
A: no striking features
a: no special abilities


You were on level 4 of the Dungeon.
You visited 1 branch of the dungeon, and saw 3 of its levels.

You collected 25 gold pieces.

Inventory:

Hand Weapons
 a - a +0 hand axe (weapon)
Missiles
 i - 31 poisoned darts (quivered)
Armour
 b - a +0 leather armour
 h - a +0 plate armour (worn)
Jewellery
 d - a ring of protection from cold (left hand)
Wands
 g - a wand of digging (1)
Scrolls
 c - a scroll of fog
 e - a scroll of fear
Potions
 f - a potion of degeneration {unknown}


   Skills:
 + Level 4.1 Fighting
 * Level 3.3 Axes
 + Level 0.1 Armour
 - Level 1.5 Dodging
 - Level 4.1 Stealth


You had one spell level left.
You didn't know any spells.
Your spell library contained the following spells:

 Spells                   Type           Power      Damage    Failure   Level
 Ignite Poison            Fire/Tmut/Pois 0%         N/A       100%        3
 Mephitic Cloud           Conj/Pois/Air  0%         N/A       100%        3
 Bolt of Magma            Conj/Fire/Erth 0%         4d4       100%        5


Dungeon Overview and Level Annotations

Branches:
Dungeon (6/15)
 Temple: D:4-7

Altars:
Gozag


Message History

The gnoll is moderately wounded.
The gnoll hits you but does no damage.
You hit the gnoll.
The gnoll is severely wounded.
The gnoll hits you with a +0 whip.
You hit the gnoll but do no damage.
The gnoll is severely wounded.
The gnoll barely misses you.
You hit the gnoll but do no damage.
The gnoll is severely wounded.
The gnoll hits you with a +0 whip. The gnoll hits you but does no damage.
You hit the gnoll but do no damage.
The gnoll is severely wounded.
The gnoll drinks a potion.
The gnoll is healed!
You hit the gnoll.
The gnoll is heavily wounded.
The gnoll hits you but does no damage.
You hit the gnoll.
The gnoll is severely wounded.
The gnoll hits you with a +0 whip.
You completely miss the gnoll.
The gnoll is heavily wounded.
The gnoll hits you with a +0 whip.
* * * LOW HITPOINT WARNING * * *
You hit the gnoll but do no damage.
The gnoll is heavily wounded.
The gnoll hits you with a +0 whip.
* * * LOW HITPOINT WARNING * * *
You hit the gnoll but do no damage.
The gnoll is heavily wounded.
The gnoll hits you but does no damage.
You completely miss the gnoll.
The gnoll is heavily wounded.
The gnoll hits you with a +0 whip.
* * * LOW HITPOINT WARNING * * *
The gnoll hits you but does no damage.
You hit the gnoll.
The gnoll is severely wounded.
The gnoll hits you with a +0 whip!
You die...

#g# #.# #.# #.#
#g## ##.## #..##
##...#######.#o##
.... #......##.##
... #.########g#
# #.# #.# #@#.#
..##.###.#
#.###.#
.........# #.#
#.# ..##.#####
#.# ## #.# #.#
#.######.#####
####.##.......†.#
.....##.#######.#
#...)<..# #.#


You could see a gnoll.

Vanquished Creatures
  An adder (D:4)
  A giant cockroach (D:4)
  A hobgoblin (D:4)
3 creatures vanquished.

Notes
Turn   | Place    | Note
-------+----------+-------------------------------------------
     0 | D:5      | comborobin the Hill Orc Delver began the quest for the Orb.
     0 | D:5      | Reached XP level 1. HP: 19/19 MP: 1/1
    10 | D:6      | Noticed an ogre
    64 | D:5      | Noticed an orc wizard
    69 | D:5      | Noticed a phantom
    79 | D:4      | Found an opulent altar of Gozag.
   357 | D:4      | Reached XP level 2. HP: 16/27 MP: 2/2
   564 | D:4      | Mangled by a gnoll

Illustrated notes

Levels and vault maps discovered:
D:4:      layout_loops_corners, mainiacjoe_overflow_chevrons,
          mainiacjoe_overflow_alcove_1, serial_shops, nicolae_stop_n_shop_2
D:5:      layout_rooms, old_standard_altar, grunt_tough_drop, uniq_pikel
D:6:      layout_basic

Skill      XL: |  1 |
---------------+----+-----
Fighting       | 4 |  4.1
Axes           | 3 |  3.3
Armour         | |  0.1
Dodging        | |  1.5
Stealth        | |  4.1

Action                   || total
-------------------------++-------
Melee: Hand axe          ||    35
Evoke: Wand              ||     2
  Use: Scroll            ||     1
       Potion            ||     1
Armor: Plate armour      ||    21
       Leather armour    ||     2
Dodge: Dodged            ||     6
